 Dungeon Crawl Stone Soup version 0.28.0-53-g5a82cb258f (webtiles) character file.

Game seed: 12562726519654691961

2732 acdeimund the Magician (level 9, -12/49 HPs)
             Began as a Deep Elf Earth Elementalist on May 19, 2022.
             Was a Follower of Vehumet.
             Mangled by Joseph
             ... wielding a +0 quarterstaff
              (16 damage)
             ... on level 8 of the Dungeon on May 20, 2022.
             The game lasted 00:41:01 (9644 turns).

acdeimund the Magician (DEEE)                       Turns: 9644, Time: 00:41:02

Health: -12/49     AC:  6    Str:  5    XL:     9   Next: 40%
Magic:  17/21      EV: 14    Int: 25    God:    Vehumet [*.....]
Gold:   279        SH:  0    Dex: 15    Spells: 5/22 levels left

rFire   . . .      SeeInvis .   A - +1 whip (vamp)
rCold   + . .      Faith    .   (no shield)
rNeg    + . .      Spirit   .   q - +1 robe {rC+}
rPois   +          Reflect  .   s - +0 helmet
rElec   .          Harm     .   o - +1 cloak
rCorr   .          Rampage  .   (no gloves)
Will    .....                   (no boots)
Stlth   +++.......              (no amulet)
HPRegen 0.16/turn               j - ring of poison resistance
MPRegen 0.17/turn               C - ring of positive energy

@: swift, hasted, very quick
A: no striking features
a: Renounce Religion


You were on level 8 of the Dungeon.
You worshipped Vehumet.
Vehumet was aware of your devotion.
You visited 2 branches of the dungeon, and saw 9 of its levels.

You collected 367 gold pieces.
You spent 88 gold pieces at shops.

Inventory:

Hand Weapons
 a - a +0 club
 d - a +0 dagger
 i - a +0 vampiric spear
 l - a +4 short sword
 A - a +1 vampiric whip (weapon)
Missiles
 c - 276 stones
Armour
 b - a +0 robe
 o - a +1 cloak (worn)
 q - a +1 robe of cold resistance (worn)
 s - a +0 helmet (worn)
 B - a +0 pair of gloves
Jewellery
 j - a ring of poison resistance (left hand)
 p - an amulet of faith
 C - a ring of positive energy (right hand)
Wands
 t - a wand of flame (32)
 x - a wand of digging (5)
Scrolls
 g - a scroll of enchant armour
 m - a scroll of teleportation
 u - 2 scrolls of vulnerability
 v - a scroll of blinking
Potions
 e - a potion of lignification
 f - 3 potions of curing
 h - 2 potions of attraction
 n - 2 potions of flight {unknown}
 r - 2 potions of heal wounds {unknown}
 z - a potion of magic {unknown}


   Skills:
 + Level 2.5 Fighting
 + Level 4.6 Dodging
 + Level 5.0 Stealth
 * Level 7.3 Spellcasting
 * Level 6.6 Conjurations
 - Level 1.1 Transmutations
 - Level 5.0 Air Magic
 * Level 6.3 Earth Magic
 - Level 4.0 Poison Magic


You had 5 spell levels left.
You knew the following spells:

 Your Spells              Type           Power      Damage    Failure   Level
a - Sandblast             Erth           82%        2d17      1%          1
b - Magic Dart            Conj           100%       1d8       1%          1
c - Stone Arrow           Conj/Erth      82%        3d12      1%          3
d - Mephitic Cloud        Conj/Pois/Air  35%        N/A       2%          3
e - Passwall              Tmut/Erth      22%        N/A       2%          2
f - Swiftness             Air            34%        N/A       2%          3
g - Petrify               Tmut/Erth      27%        N/A       14%         4

Your spell library contained the following spells:

 Spells                   Type           Power      Damage    Failure   Level
 Freeze                   Ice            36%        1d6       7%          1
 Slow                     Hex            36%        N/A       7%          1
 Call Imp                 Summ           9%         N/A       10%         2
 Ensorcelled Hibernation  Hex/Ice        18%        N/A       10%         2
 Confusing Touch          Hex            9%         N/A       21%         3
 Vampiric Draining        Necr           9%         2d6       21%         3


Dungeon Overview and Level Annotations

Branches:
Dungeon (8/15)             Temple (1/1) D:6
   Lair: D:8-11

Altars:
Ashenzari
Dithmenos
Gozag
Kikubaaqudgha
Makhleb
Nemelex Xobeh
Okawaru
Qazlal
Ru
Trog
Uskayaw
Vehumet
Wu Jian
Xom
Yredelemnul

Shops:
D:3 ([

Annotations:
D:8 Joseph


Message History

Joseph shouts!
Joseph unwields a +0 quarterstaff.
Joseph wields a +0 hunting sling.
Joseph shoots a sling bullet.
The sling bullet hits you!!
Blink to where?
Press: ? - help, Dir - move target
As you read the scroll of blinking, it crumbles to dust.
Joseph shoots a sling bullet.
The sling bullet hits you!
Press: ? - help, v - describe, . - travel The floor.
Casting: Stone Arrow (safe; 1% risk of failure)
Confirm with . or Enter, or press ? or * to list all spells.
You feel quick.
You hit Joseph.
Joseph is lightly wounded.
Joseph unwields a +0 hunting sling.
Joseph wields a +0 quarterstaff.
Joseph closely misses you.
You hit Joseph but do no damage.
Joseph is lightly wounded.
Joseph closely misses you.
You hit Joseph but do no damage.
Joseph is lightly wounded.
Joseph barely misses you.
You hit Joseph but do no damage.
Joseph is lightly wounded.
Joseph hits you with a +0 quarterstaff.
You hit Joseph but do no damage.
Joseph is lightly wounded.
Joseph hits you with a +0 quarterstaff. Joseph misses you.
Casting: Swiftness (dangerous; 2% risk of failure)
Confirm with . or Enter, or press ? or * to list all spells.
Aiming: Stone Arrow (safe; 1% risk of failure)
Press: ? - help, Shift-Dir - straight line, f - Joseph
Aim: Joseph, wielding a +0 quarterstaff, wearing a +0 leather armour and quivering sling bullets (76% to hit)
The stone arrow hits Joseph!
Joseph is lightly wounded.
Joseph hits you with a +0 quarterstaff!
* * * LOW HITPOINT WARNING * * *
It was a potion of haste.
You feel yourself speed up. Joseph hits you with a +0 quarterstaff!
You die...

#.@. #..# #..#
######..#
........#
#######.# #..##
#..@######..#
#...@......#
###'#########
######....#
#.♣.♣♣....#
♣♣.♣.♣....#
##♣♣.♣.♣.♣♣..#
##...♣♣♣♣♣.♣..#
#...♣....♣..♣##
#.♣..♣._.♣..♣#


You could see Joseph.

Vanquished Creatures
  Grinder (D:4)
  A steam dragon (D:7)
  An orc warrior (D:6)
  A necrophage (D:5)
  2 ogres (D:6)
  2 black bears
  A phantom (D:5)
  3 wyvern zombies
  Blork the orc (D:4)
  4 scorpions
  A water moccasin zombie (D:6)
  2 water moccasin skeletons
  3 killer bees (D:5)
  A bullfrog zombie (D:5)
  5 centaur zombies
  A jelly (D:5)
  2 bullfrog skeletons
  2 hounds
  3 centaur skeletons
  A gnoll shaman (D:6)
  2 orc priests
  5 iguanas
  Ijyb (D:4)
  2 orc wizards
  2 killer bee zombies
  A hound skeleton (D:4)
  4 howler monkey zombies
  3 gnolls (D:6)
  5 adders
  A shadow imp (D:6)
  3 white imps
  2 ufetubi
  A dart slug (D:4)
  19 orcs
  9 ball pythons
  11 endoplasms
  2 giant cockroaches
  8 goblins
  7 hobgoblins
  6 jackals
  5 quokkas
  5 bats
  2 frilled lizards
  10 kobolds
  2 rats
156 creatures vanquished.

Vanquished Creatures (others)
  2 plants (D:7)
2 creatures vanquished.

Grand Total: 158 creatures vanquished

Notes
Turn   | Place    | Note
-------+----------+-------------------------------------------
     0 | D:1      | acdeimund the Deep Elf Earth Elementalist began the quest
                  | for the Orb.
     0 | D:1      | Reached XP level 1. HP: 10/10 MP: 6/6
   100 | D:1      | Learned a level 1 spell: Magic Dart
   158 | D:1      | Reached skill level 1 in Conjurations
   265 | D:1      | Reached XP level 2. HP: 15/15 MP: 6/8
  1151 | D:1      | Reached XP level 3. HP: 19/19 MP: 6/9
  1534 | D:2      | Learned a level 3 spell: Stone Arrow
  1538 | D:2      | Learned a level 3 spell: Mephitic Cloud
  1915 | D:2      | Found a shadowy altar of Dithmenos.
  2099 | D:2      | Reached XP level 4. HP: 24/24 MP: 3/11
  2577 | D:3      | Found a broken altar of Ashenzari.
  2680 | D:3      | Found Nuyxoeqa's Antique Weapon Boutique.
  2959 | D:3      | Found Xyfi's Antique Armour Shoppe.
  2969 | D:3      | Bought a glowing robe for 88 gold pieces
  3083 | D:3      | Found a faded altar of an unknown god.
  3458 | D:4      | Noticed Blork the orc
  3485 | D:4      | Noticed Grinder
  3491 | D:4      | Killed Grinder
  3492 | D:4      | Reached skill level 1 in Fighting
  3492 | D:4      | Reached skill level 4 in Spellcasting
  3492 | D:4      | Reached XP level 5. HP: 4/29 MP: 0/13
  3492 | D:4      | Reached XP level 6. HP: 4/34 MP: 0/14
  3783 | D:4      | Noticed Ijyb
  3788 | D:4      | Killed Ijyb
  4254 | D:4      | Reached skill level 1 in Air Magic
  4254 | D:4      | Reached skill level 1 in Poison Magic
  4394 | D:4      | Killed Blork the orc
  4541 | D:4      | Reached XP level 7. HP: 38/38 MP: 9/15
  4544 | D:4      | Learned a level 2 spell: Passwall
  4815 | D:4      | Found an ancient bone altar of Kikubaaqudgha.
  4908 | D:5      | Entered Level 5 of the Dungeon
  5155 | D:5      | Found a shimmering altar of Xom.
  5644 | D:5      | Reached skill level 5 in Air Magic
  5648 | D:5      | Learned a level 3 spell: Swiftness
  5819 | D:5      | Reached XP level 8. HP: 43/43 MP: 12/16
  5967 | D:5      | Reached skill level 5 in Spellcasting
  6094 | D:5      | Reached skill level 5 in Conjurations
  6256 | D:6      | Found a staircase to the Ecumenical Temple.
  6259 | D:6      | Found an iron altar of Okawaru.
  6399 | Temple   | Entered the Ecumenical Temple
  6883 | D:6      | Reached skill level 5 in Earth Magic
  7147 | D:6      | Reached skill level 6 in Spellcasting
  7491 | D:6      | Found a radiant altar of Vehumet.
  7494 | D:6      | Became a worshipper of Vehumet
  7900 | D:6      | Reached XP level 9. HP: 48/48 MP: 16/20
  7998 | D:6      | Upgraded the game from 0.28.0-49-g6dfe1f597d to
                  | 0.28.0-53-g5a82cb258f
  8512 | D:7      | Reached skill level 7 in Spellcasting
  8608 | D:7      | Learned a level 4 spell: Petrify
  9370 | D:8      | Reached * piety under Vehumet
  9370 | D:8      | Offered knowledge of Freeze by Vehumet.
  9406 | D:8      | Reached skill level 5 in Stealth
  9577 | D:8      | Found a basalt altar of Yredelemnul.
  9625 | D:8      | Noticed Joseph
  9644 | D:8      | Mangled by Joseph

Illustrated notes

Levels and vault maps discovered:
D:1:      dpeg_arrival_brainrot, layout_basic, serial_forest,
          infiniplex_forest_lined_3_way, infiniplex_forest_zigzag_1,
          infiniplex_forest_end_1, infiniplex_forest_end_3,
          infiniplex_forest_clump_cross, infiniplex_forest_clump_curved,
          chequers_serial_rivers_micro_a, minivault_24, minmay_misc_feat_square
D:2:      layout_loops_ring, basic_altar
D:3:      layout_loops_ring, cheibrodos_ashenzari_chains,
          nicolae_overflow_hidden_temple, serial_shops,
          nicolae_shop_temple_entry_statues_fountains, nicolae_lakefront_shop,
          hellmonk_ecumenical_altar_blasted, hangedman_decor_clover_reticule
D:4:      layout_cave_pools, mainiacjoe_overflow_alcove_2,
          amcnicky_mini_pool_small, uniq_grinder, uniq_ijyb, uniq_blork_the_orc
D:5:      layout_rooms, old_standard_altar
D:6:      layout_basic, kennysheep_mini_moat, okawaru_metal_pillars_1_2,
          minmay_temple_entry_glass
D:7:      lemuel_ice_spiral_2, layout_basic, serial_bayou_pond_e,
          hangedman_abyss_or_decor_passed
D:8:      layout_basic, nicolae_yredelemnul_corpse_copse, chei_slow_surprise,
          hellmonk_ghost_happy_afterlife, minmay_shop_damaged, uniq_pikel,
          uniq_erica, uniq_maurice, uniq_joseph
Temple:   jpeg_temple_island

Skill      XL: |  1  2  3  4  5  6  7  8  9 |
---------------+----------------------------+-----
Conjurations   | 1 2 3 4 6 |  6.6
Fighting       | 1 2 |  2.5
Stealth        | 3 4 5 |  5.0
Spellcasting   | 4 6 7 |  7.3
Earth Magic    | 4 5 6 |  6.3
Air Magic      | 2 5 |  5.0
Poison Magic   | 2 4 |  4.0
Dodging        | 3 4 |  4.6
Transmutations | |  1.1

Action                   |  1- 3 |  4- 6 |  7- 9 || total
-------------------------+-------+-------+-------++-------
Melee: Spear             |     6 |       |     2 ||     8
       Short sword       |       |       |    10 ||    10
       Whip              |       |       |     5 ||     5
 Cast: Sandblast         |    32 |    19 |    53 ||   104
       Magic Dart        |    34 |    50 |       ||    84
       Stone Arrow       |     2 |     9 |   113 ||   124
       Swiftness         |       |       |     3 ||     3
  Use: Scroll            |       |     6 |     5 ||    11
       Potion            |       |       |     1 ||     1
 Stab: Sleeping          |     1 |       |       ||     1
Armor: Robe              |     4 |     4 |    25 ||    33
Dodge: Dodged            |    14 |     6 |    71 ||    91
